 Dungeon Sprint DCSS version 0.21.1-1-g345015f (webtiles) character file.

5900000 Fang the Axe Maniac (level 27, -4/273 HPs)
             Began as a Minotaur Gladiator on May 22, 2018.
             Was the Champion of Makhleb.
             Slain by a meat berserker
             ... wielding a +9 battleaxe
              (45 damage)
             ... in the Dungeon (Sprint VIII: "Arena of Blood").
             The game lasted 00:01:47 (59 turns).

Fang the Axe Maniac (Minotaur Gladiator)              Turns: 59, Time: 00:01:48

Health: -4/273     AC:  6    Str: 31    XL:     27
Magic:  22/53      EV: 29    Int:  5    God:    Makhleb [******]
Gold:   0          SH:  0    Dex: 13    Spells: 80/80 levels left

rFire    . . .     SeeInvis .   l - +∞ Axe of Woe
rCold    . . .     Gourm    .   (shield currently unavailable)
rNeg     . . .     Faith    .   b - +0 leather armour
rPois    .         Spirit   .   c - +0 hat
rElec    .         Reflect  .   (no cloak)
rCorr    .         Harm     .   (no gloves)
MR       ++...     NoTele   +   (no boots)
Stlth    +++++++++.             (no amulet)
HPRegen  0.55/turn              m - +30 ring of slaying
MPRegen  0.33/turn              o - +30 ring of slaying

@: no status effects
A: retaliatory headbutt, horns 2
a: Minor Destruction, Lesser Servant of Makhleb, Major Destruction, Greater
Servant of Makhleb, Renounce Religion


You were in the Dungeon.
You worshipped Makhleb.
Makhleb was exalted by your worship.
You were not hungry.

You visited 1 branch

Inventory:

Hand Weapons
 l - the +∞ Axe of Woe (weapon)
   (You found it in the Dungeon)
Missiles
 d - 3 throwing nets (quivered)
Armour
 b - a +0 leather armour (worn)
 c - a +0 hat (worn)
Jewellery
 m - a +30 ring of slaying (left hand)
 o - a +30 ring of slaying (right hand)
Scrolls
 k - a scroll of blinking
Potions
 e - a potion of curing
 g - a potion of heal wounds
 h - a potion of haste
 i - 2 potions of magic
 j - a potion of berserk rage
Comestibles
 f - a ration


   Skills:
 O Level 27 Fighting
 O Level 27 Axes
 O Level 27 Throwing
 O Level 27 Armour
 O Level 27 Dodging
 O Level 27 Stealth
 O Level 27 Unarmed Combat
 O Level 27 Spellcasting
 O Level 27 Invocations


You had 80 spell levels left.
You didn't know any spells.

Dungeon Overview and Level Annotations

Branches:
Dungeon (1/1)

Altars:
Makhleb

Annotations:
D The Servant


Innate Abilities, Weirdness & Mutations

You reflexively headbutt those who attack you in melee.
You have a pair of horns on your head.


Message History

You carve the bag of meat like a ham!!!!
You fatally mangle the bag of meat.
You kill the bag of meat!
Makhleb accepts your kill.
You feel better.
You are engulfed in blazing flames.
You hear a shout! x7
The meat berserker appears out of thin air!
A meat berserker comes into view. It is wielding a +9 battleaxe.
An orc and an ogre come into view.
Unknown command.
A bag of meat comes into view. It is wielding a +9 war axe.
You are engulfed in blazing flames.
You hear a shout! x2
The destroyer hits you with a +9 great sword of slicing!!!!
* * * LOW HITPOINT WARNING * * *
x2 The destroyer bites you.
* * * LOW HITPOINT WARNING * * *
The destroyer draws strength from your injuries!
The meat berserker hits you with a +9 battleaxe!!!
You die...

.#... #... ..#
#.o....###... ..###.
....O.......###......
..O.#........_......
..#.......#.....#
....§.....#_.<._# .
#....§§.#)....#..
....#.O§§§§)._......
..o...V@§§§.###......
.......###V...%..###.
....... #.......#
......o #.......#
#.O.... .........
.#.#... .V....L..
#.#.... ....V..D..
.#.#... ....o..


You could see 2 destroyers, 4 meat berserkers and 3 bags of meat.

Vanquished Creatures
  10 vampire knights (D)
  15 ogres (D)
  7 two-headed ogres (D)
  A lich (D)
  13 orcs (D)
  2 skeletal warriors (D)
  3 large abominations (D)
  3 small abominations (D)
54 creatures vanquished.

Vanquished Creatures (others)
  An ogre (D)
1 creature vanquished.

Grand Total: 55 creatures vanquished

Notes
Turn   | Place    | Note
-------+----------+-------------------------------------------
     0 | D        | Found the +∞ Axe of Woe
     0 | D        | Fang the Minotaur Gladiator began the quest for the Orb.
     0 | D        | Reached XP level 1. HP: 18/18 MP: 0/0
     4 | D        | Became a worshipper of Makhleb the Destroyer
     8 | D        | Noticed a bag of meat
     8 | D        | Noticed a meat berserker
    11 | D        | Killed a meat berserker
    11 | D        | Reached XP level 2. HP: 47/47 MP: 1/1
    11 | D        | Reached XP level 3. HP: 53/53 MP: 2/2
    11 | D        | Reached XP level 4. HP: 61/61 MP: 3/3
    11 | D        | Reached XP level 5. HP: 68/68 MP: 4/4
    11 | D        | Reached XP level 6. HP: 75/75 MP: 5/5
    11 | D        | Reached XP level 7. HP: 82/82 MP: 6/6
    11 | D        | Reached XP level 8. HP: 90/90 MP: 7/7
    11 | D        | Reached XP level 9. HP: 96/96 MP: 8/8
    11 | D        | Reached XP level 10. HP: 104/104 MP: 9/9
    11 | D        | Reached XP level 11. HP: 111/111 MP: 10/10
    11 | D        | Reached XP level 12. HP: 118/118 MP: 11/11
    11 | D        | Reached XP level 13. HP: 125/125 MP: 12/12
    13 | D        | Killed a bag of meat
    13 | D        | Reached * piety under Makhleb
    13 | D        | Reached skill level 15 in Fighting
    16 | D        | Noticed a meat berserker
    20 | D        | Noticed a meat berserker
    21 | D        | Killed a meat berserker
    21 | D        | Reached skill level 27 in Axes
    21 | D        | Reached XP level 14. HP: 115/143 MP: 13/13
    22 | D        | Noticed a meat berserker
    24 | D        | Killed a meat berserker
    24 | D        | Reached skill level 5 in Armour
    24 | D        | Reached skill level 27 in Dodging
    24 | D        | Reached XP level 15. HP: 131/162 MP: 14/14
    25 | D        | Noticed a meat berserker
    25 | D        | Noticed a meat berserker
    25 | D        | Killed a meat berserker
    25 | D        | Reached ** piety under Makhleb
    25 | D        | Reached XP level 16. HP: 148/182 MP: 15/15
    26 | D        | Noticed a large bag of meat
    26 | D        | Noticed a meat berserker
    26 | D        | Noticed a large bag of meat
    26 | D        | Noticed a large bag of meat
    27 | D        | Noticed a large bag of meat
    27 | D        | Noticed a destroyer
    28 | D        | Noticed a large bag of meat
    28 | D        | Killed a meat berserker
    28 | D        | Reached skill level 27 in Fighting
    28 | D        | Reached skill level 10 in Armour
    28 | D        | Killed a meat berserker
    28 | D        | Reached skill level 27 in Throwing
    28 | D        | Reached XP level 17. HP: 191/191 MP: 16/16
    29 | D        | Noticed a meat berserker
    30 | D        | Noticed a meat berserker
    30 | D        | Noticed a meat berserker
    30 | D        | Noticed The Servant
    31 | D        | Killed a large bag of meat
    31 | D        | Reached *** piety under Makhleb
    31 | D        | Reached skill level 27 in Armour
    31 | D        | Killed a destroyer
    31 | D        | Reached skill level 10 in Spellcasting
    31 | D        | Reached XP level 18. HP: 105/200 MP: 16/31
    31 | D        | Killed a large bag of meat
    31 | D        | Reached skill level 15 in Stealth
    31 | D        | Killed a large bag of meat
    31 | D        | Reached **** piety under Makhleb
    31 | D        | Reached XP level 19. HP: 51/207 MP: 16/35
    32 | D        | Noticed a destroyer
    32 | D        | Killed a meat berserker
    32 | D        | Reached skill level 15 in Spellcasting
    33 | D        | Killed a large bag of meat
    33 | D        | Reached XP level 20. HP: 189/216 MP: 16/40
    33 | D        | Killed a meat berserker
    33 | D        | Reached ***** piety under Makhleb
    34 | D        | Noticed a meat berserker
    34 | D        | Noticed a meat berserker
    34 | D        | Noticed a destroyer
    34 | D        | Killed a large bag of meat
    34 | D        | Reached skill level 27 in Unarmed Combat
    35 | D        | Killed a meat berserker
    35 | D        | Reached skill level 27 in Invocations
    35 | D        | Reached XP level 21. HP: 206/224 MP: 16/45
    36 | D        | Reached skill level 27 in Stealth
    38 | D        | Reached skill level 27 in Spellcasting
    38 | D        | Reached XP level 22. HP: 233/233 MP: 17/52
    39 | D        | Reached ****** piety under Makhleb
    40 | D        | Killed a destroyer
    40 | D        | Reached XP level 23. HP: 240/240 MP: 17/53
    41 | D        | Noticed a destroyer
    42 | D        | Noticed a destroyer
    42 | D        | Noticed a destroyer
    45 | D        | Noticed a destroyer
    47 | D        | Noticed a large bag of meat
    47 | D        | Killed a destroyer
    48 | D        | Noticed a destroyer
    48 | D        | Noticed a tyrant
    48 | D        | Noticed a destroyer
    48 | D        | Killed a destroyer
    48 | D        | Reached XP level 24. HP: 249/249 MP: 19/53
    48 | D        | Killed a destroyer
    49 | D        | Killed a destroyer
    49 | D        | Reached XP level 25. HP: 257/257 MP: 20/53
    50 | D        | Noticed a large bag of meat
    51 | D        | Noticed a destroyer
    51 | D        | Noticed a destroyer
    51 | D        | Noticed a destroyer
    54 | D        | Noticed a destroyer
    54 | D        | Killed a destroyer
    54 | D        | Reached XP level 26. HP: 84/266 MP: 21/53
    54 | D        | Killed a tyrant
    55 | D        | Killed a destroyer
    56 | D        | Killed a destroyer
    56 | D        | Killed a destroyer
    56 | D        | Reached XP level 27. HP: 254/273 MP: 21/53
    57 | D        | Killed a large bag of meat
    58 | D        | Noticed a tyrant
    58 | D        | Killed a large bag of meat
    59 | D        | Slain by a meat berserker

Skill      XL: |  1  2  3  4  5  6  7  8  9 10 11 12 13 14 15 16 17 18 19 20 21 |
---------------+----------------------------------------------------------------+-----
Fighting       | 14 18 22 26 27 | 27.0
Axes           | 23 27 | 27.0
Throwing       | 11 14 18 21 27 | 27.0
Dodging        | 21 26 27 | 27.0
Armour         | 5 6 22 27 | 27.0
Stealth        | 12 17 21 25 27 | 27.0
Unarmed Combat | 14 19 24 27 | 27.0
Spellcasting   | 10 13 17 21 27 | 27.0
Invocations    | 13 18 23 27 | 27.0

Action                   |  1- 3 |  4- 6 |  7- 9 | 10-12 | 13-15 | 16-18 | 19-21 | 22-24 | 25-27 || total
-------------------------+-------+-------+-------+-------+-------+-------+-------+-------+-------++-------
Melee: Executioner's axe |     1 |       |       |       |     4 |     2 |     7 |     9 |     7 ||    30
